woodfighter, chaotic female giant Ranger --- --------- --.| ------ ---- ---.--..|.--------..| .--....----..---- ----..................-- -.......--....|V-- --.|........--........--- ---..^...........@| |......|................-- |...--......---...| --.....|....[[.--.-..--^.--- --..--|..--..| |...- ---........[.<.......--...-- |...| --- -.. --.. |..........[------.......---- |.|.| ---..........| -----.....| ----.|.| |-.........|-------------.| |....| --..^.--...--|..--..-- |.| |.||.---.. --..----|...|--.......| |.| ---.--.| .. |...| |...--.......---- |.------......| --..|----.............|.---....|......--- ----|.....................---........| |.......--.............|------..-- |.......||-....------.-- ---- -----..--|....-- --- ---- --.--- --- woodfighter the Ranger Experience level: 9 Strength: 24 Dexterity: 14 Constitution: 19 Intelligence: 15 Wisdom: 14 Charisma: 7 Health: 0(83) Energy: 26(26) Def: 20 Gold: 0 Moves: 19506 Dungeon seed [set]: Game ID: woodfighter_1678035213 Your Inventory: Weapons a - an uncursed +0 bow (weapon in hand) f - 4 blessed +0 arrows k - 13 blessed +1 arrows w - 21 uncursed +1 arrows J - 2 cursed -10 arrows M - 21 uncursed +0 arrows (in quiver) N - a cursed -1 arrow R - a blessed +2 arrow Armor g - a blessed +0 pair of high boots (being worn) n - an uncursed +0 pair of gauntlets of power q - an uncursed +2 dented pot (being worn) P - an uncursed +0 elven cloak (being worn) Y - an uncursed +1 large shield (being worn) Comestibles Q - an uncursed lizard corpse U - 3 uncursed food rations Spellbooks b - an uncursed spellbook of clairvoyance Rings O - a cursed -1 ring of gain constitution Wands d - an uncursed wand of digging (0:2) Tools s - an uncursed sack A - an uncursed oil lamp (0:1202) K - an uncursed lock pick L - a cursed wax candle (0:400) S - an uncursed frost horn (0:2) V - an uncursed magic lamp (lit) W - an uncursed towel Z - an uncursed +0 pick-axe (alternate weapon; not wielded) Gems e - an uncursed worthless piece of yellowish brown glass y - an uncursed sapphire z - an uncursed worthless piece of yellow glass Boulders/Statues r - an uncursed boulder Contents of the sack: 124 gold pieces 60 uncursed [+0] arrows a [uncursed] [+0] cloak of displacement an uncursed +0 mummy wrapping an uncursed +0 pair of levitation boots an uncursed sprig of wolfsbane a [cursed] scroll of confuse monster a [uncursed] scroll of confuse monster a [cursed] scroll of enchant weapon a [uncursed] scroll of genocide a [uncursed] spellbook of detect unseen a [uncursed] spellbook of dig a [uncursed] potion of gain ability a [uncursed] potion of levitation a [cursed] ring of regeneration a [uncursed] can of grease [0:2] a [uncursed] tallow candle [0:200] 2 [uncursed] wax candles [0:400] a [uncursed] amber a [uncursed] aquamarine a [uncursed] ruby a [uncursed] worthless piece of blue glass 2 [uncursed] worthless pieces of green glass 2 [uncursed] worthless pieces of orange glass 2 [uncursed] worthless pieces of yellow glass Spells and supernatural/magical abilities: Name Level Category Fail Memory W - pray for help -- divine ? -- Your skills at the end: Miscellaneous Skills shield [Skilled] wands [Basic] Weapon Skills two-handed sword [Basic] bow [Skilled] sling [Basic] Spellcasting Skills Final Attributes: You were devoutly aligned. You were cold resistant. You were poison resistant. You had automatic searching. You had infravision. You were somewhat stealthy. You are dead. Vanquished creatures: a large mimic a xan an ettin mummy a flaming sphere a shocking sphere a dwarf king 2 tengu a chameleon 2 Grey-elves a black bear 3 giant beetles 7 wolves 2 leprechauns a quivering blob a lizard 2 giant spiders a gnome king 2 piranhas 2 owlbears 2 yetis 4 chickatrices a housecat 2 jaguars 4 dwarf lords a plains centaur a gnome mummy a Woodland-elf 11 pit vipers 2 fire ants a yellow light 2 fog clouds 2 shriekers 13 gnome lords 3 gnomish wizards 3 kobold mummies a golden naga hatchling a ghoul a straw golem a paper golem 2 giant ants 2 puppies 3 floating eyes a kitten 20 dwarves a kobold lord 2 kobold shamans 2 iguanas a rabid rat 4 jitterbugs 2 giant bats a monkey 2 orc zombies a wererat a werejackal 13 killer bees 2 coyotes 4 hobbits 3 acid blobs a large kobold 8 geckos a hobgoblin 4 giant rats 4 yellow molds 56 gnomes 4 garter snakes 2 manes 3 gnome zombies 6 jackals a kobold 5 newts 4 sewer rats 12 grid bugs 4 bats 8 lichens a kobold zombie 281 creatures vanquished. Voluntary challenges: You had followed a strict vegan diet until turn 2058. You had followed a strict vegetarian diet until turn 2058. You did not adorn yourself with jewelry or accessories. You did not cause conflict. You did not have reflection. You were not displaced. You did not donate to any temples.. You never hit with a wielded weapon. You did not apply a unicorn horn. You did not use plumbed fixtures. You read items or engraved 1 time, starting on turn 18748. You never genocided any monsters. You never polymorphed an object. You changed form 2 times, starting on turn 6175. You used no wishes. You did not use any artifacts. You never split a pudding. You never wrote Elbereth's name. You never violated your personal moral code. You enabled loading special bones files. Dungeon overview: The Dungeons of Doom: levels 1 to 9 Level 1 (vault) a vault, an altar to Mercury a long staircase Level 2 Level 3 (water) a general store, a fountain Level 4 (vault + water) a vault, a potion shop, a fountain stairs to The Gnomish Mines Level 5 (chest) an altar to Venus, a fountain Level 6 (stash) a vault, an altar to Mercury Level 7 (vault + shop) a vault, a shop Level 8 Level 9 many fountains Level 10 The Gnomish Mines: levels 5 to 12 Level 5 stairs to The Dungeons of Doom Level 6 Level 7 Level 8 many shops, a temple to Venus, a magic chest, some fountains Level 9 Level 10 Level 11 <- You were here Level 12 History has recorded: On T:1 you entered the Dungeons of Doom to retrieve the Amulet of Yendor! On T:77 you reached level 2 of The Dungeons of Doom. On T:930 you reached level 3 of The Dungeons of Doom. On T:1963 you advanced to experience level 2. On T:1983 you reached level 4 of The Dungeons of Doom. On T:2965 you advanced to experience level 3. On T:3039 you reached level 1 of The Gnomish Mines. On T:3268 you reached level 5 of The Dungeons of Doom. On T:4075 you advanced to experience level 4. On T:4156 you prayed to Mars. On T:4459 you advanced to experience level 5. On T:4660 you reached level 6 of The Dungeons of Doom. On T:5471 you reached level 7 of The Dungeons of Doom. On T:5526 you advanced to experience level 6. On T:6282 you prayed to Mars. On T:6522 you reached level 8 of The Dungeons of Doom. On T:6754 you reached level 9 of The Dungeons of Doom. On T:7354 you advanced to experience level 7. On T:8196 you prayed to Mars. On T:8734 you prayed to Mars. On T:9722 you reached level 2 of The Gnomish Mines. On T:10176 you advanced to experience level 8. On T:10465 you reached level 3 of The Gnomish Mines. On T:11500 you reached level 4 of The Gnomish Mines. On T:12537 you prayed to Mars. On T:13985 you entered the Minetown temple On T:13985 you unlocked the Monk role by entering the Minetown temple. On T:14005 you opened a magic chest. On T:14414 you advanced to experience level 9. On T:16078 you prayed to Mars. On T:17111 you reached level 5 of The Gnomish Mines. On T:17729 you reached level 6 of The Gnomish Mines. On T:18206 you reached level 7 of The Gnomish Mines. On T:19500 you reached level 8 of The Gnomish Mines. On T:19500 you reached the bottom of the Mines. On T:19500 you unlocked the dwarven race by reaching the bottom of the Mines. Score breakdown: Gold: 124 ( 12 points) Experience: 9 levels ( 800 points) Exploration: 12 levels ( 330 points) Discoveries: 39 items ( 1950 points) Variety of kills: 75 monsters ( 2000 points) Major goal: reached Mine's End ( 1000 points) Survival: died (score multiplied by 3) Total score: 18276 Latest messages: Unlocked: the dwarven race. The giant spider bites! The giant spider misses. The shocking sphere explodes! You get blasted! The vampire lord scratches you! The vampire lord bites! The giant spider bites! The giant spider misses. (3x) The vampire lord scratches you! The vampire lord bites! The vampire lord misses. The vampire lord bites! The vampire lord scratches you! The vampire lord bites! The vampire lord scratches you! The vampire lord bites! You shoot 3 arrows. The 1st arrow hits the vampire lord! The 2nd arrow hits the vampire lord. The 3rd arrow hits the vampire lord! The vampire lord scratches you! The vampire lord misses. The vampire lord scratches you! The vampire lord bites! You die... Final status: Goodbye woodfighter the Ranger, killed by a vampire lord... You died in The Gnomish Mines on dungeon level 11 with 18276 points, and 124 pieces of gold, after 19506 moves. You were level 9 with a maximum of 83 hit points when you died.